 Dungeon Crawl Stone Soup version 0.31.0-4-g52a2dc7128 (webtiles) character file.

Game seed: 9981356391497502755

42 case the Chopper (level 3, -7/33 HPs)
             Began as a Minotaur Berserker on Jan 21, 2024.
             Was a Believer of Trog.
             Killed by divine providence
             ... invoked by an orc priest
              (13 damage)
             ... on level 3 of the Dungeon.
             The game lasted 00:01:04 (839 turns).

case the Chopper (Minotaur Berserker)                Turns: 839, Time: 00:01:05

Health: -7/33      AC:  2    Str: 23    XL:     3   Next: 35%
Magic:  2/2        EV: 12    Int:  4    God:    Trog [**....]
Gold:   75         SH:  0    Dex:  9    Spells: 2/2 levels left

rFire   . . .        a - +0 hand axe
rCold   . . .        (no shield)
rNeg    . . .        b - +0 animal skin
rPois   .            (helmet restricted)
rElec   .            (no cloak)
rCorr   .            (no gloves)
SInv    .            (no boots)
Will    .....        (no amulet)
Stlth   +            (no ring)
HPRegen 0.25/turn    (no ring)
MPRegen 0.08/turn

%: no passive effects
@: confused, lethally poisoned (-7 -> -8), on berserk cooldown, slowed, very
slow
A: horns 2, retaliatory headbutt
a: Renounce Religion, Berserk, Trog's Hand


You were on level 3 of the Dungeon.
You worshipped Trog.
Trog was pleased with you.
You visited 1 branch of the dungeon, and saw 3 of its levels.

You collected 75 gold pieces.

Inventory:

Hand Weapons
 a - a +0 hand axe (weapon)
Armour
 b - a +0 animal skin (worn)
Scrolls
 d - a scroll of immolation {unknown}
 f - a scroll of fear {unknown}
 g - 3 scrolls of poison {unknown}
 i - a scroll of teleportation {unknown}
Potions
 c - a potion of berserk rage {unknown}
 e - a potion of enlightenment {unknown}
 h - a potion of heal wounds {unknown}


   Skills:
 + Level 4.1 Fighting
 * Level 5.0 Axes
 - Level 2.4 Armour
 - Level 2.1 Dodging


You had 2 spell levels left.
You didn't know any spells.
Your spell library was empty.

Dungeon Overview and Level Annotations

Branches:
Dungeon (2/15)

Altars:


Innate Abilities, Weirdness & Mutations

You have a pair of horns on your head.
You reflexively headbutt those who attack you in melee.


Message History

The orc priest calls down the wrath of Beogh upon you.
You barely resist. You slash the orc!
You kill the orc!
Trog accepts your kill.
You barely miss something. You miss the adder. The adder barely misses you.
Something hits you. The adder bites you.
You are poisoned.
The adder poisons you!
You feel a strong urge to attack something.
You feel sick. The adder barely misses you.
The orc priest hits you from afar with a +0 trident.
You feel sick.
The orc priest mumbles some strange prayers to Beogh against you.
Pain shoots through your body!
An orc comes into view. It is wielding a +0 trident.
Something hits you.
You closely miss the adder. Your headbutt misses the adder.
The adder is almost dead.
You miss something. You hit the orc priest. The adder closely misses you.
You miss something. Your headbutt misses something. You miss the orc priest.
You closely miss the adder.
You feel sick. The orc closely misses you.
Something hits you but does no damage.
The orc priest looks satisfied for a moment.
You slash the adder!
You kill the adder!
Trog accepts your kill.
You barely miss something. You miss the orc priest.
You are no longer berserk.
You are exhausted.
You feel yourself slow down.
You feel sick.
You hear some strange, mumbled words.
Something tries to affect you, but you resist.
An orc comes into view. It is wielding a +0 hand axe.
The orc hits you from afar with a +0 trident.
* * * LOW HITPOINT WARNING * * *
The orc priest mumbles some strange prayers to Beogh against you.
Beogh smites you!
You die...

#....#.#..#......# #
...#....#.######
#.#####.#.##.#.#######
#.#...†...............
#.....#.#.###...######
####.....#.#.#
#.........
...).....#.#<.
#...######
......).)#.#.#.#..##
......){@..........
.......o.#o#.#.#.##
.........#.#.#.#.#
.........# # # #.
.........# .....#.#.#
####.#.... # ###o#


You could see an orc priest and 2 orcs.

Vanquished Creatures
  An adder (D:3)
  A dart slug (D:1)
  3 orcs (D:3)
  A bat (D:1)
  3 endoplasms (D:1)
  5 giant cockroaches
  3 goblins (D:1)
  3 hobgoblins (D:1)
  6 ball pythons
  2 frilled lizards (D:1)
  4 kobolds
  3 rats (D:1)
35 creatures vanquished.

Notes
Turn   | Place    | Note
-------+----------+-------------------------------------------
     0 | D:1      | case the Minotaur Berserker began the quest for the Orb.
     0 | D:1      | Reached XP level 1. HP: 19/19 MP: 0/0
   188 | D:1      | Reached skill level 4 in Axes
   227 | D:1      | Reached XP level 2. HP: 24/27 MP: 1/1
   357 | D:1      | Reached ** piety under Trog
   487 | D:1      | Reached XP level 3. HP: 30/33 MP: 2/2
   768 | D:2      | You fall into a shaft and drop 1 floor!
   830 | D:3      | Reached skill level 5 in Axes
   839 | D:3      | Killed from afar by an orc priest

Illustrated notes

Levels and vault maps discovered:
D:1:      minmay_arrival_doors, layout_loops_ring, st_stairs_9
D:2:      layout_loops_corners
D:3:      layout_basic, zin_treasury, kennysheep_generic_room_12

Skill      XL: |  1  2  3 |
---------------+----------+-----
Axes           | 4 5 |  5.0
Fighting       | 4 |  4.1
Armour         | |  2.4
Dodging        | |  2.1

Action                     || total
---------------------------++-------
  Melee: Hand axe          ||    65
         Headbutt          ||     7
 Invoke: Berserk           ||     1
 Armour: Animal skin       ||    45
  Dodge: Dodged            ||    42
